 Dungeon Crawl Stone Soup version 0.28.0-53-g5a82cb258f (webtiles) character file.

Game seed: 17865976889986441305

1645588 KamiKatze the Cloud Mage (level 26, 147/147 HPs)
             Began as a Deep Elf Conjurer on Aug 20, 2022.
             Was the Champion of Vehumet.
             Escaped with the Orb
             ... and 3 runes on Aug 22, 2022!
             The game lasted 07:31:03 (72732 turns).

KamiKatze the Cloud Mage (Deep Elf Conjurer)       Turns: 72732, Time: 07:31:04

Health: 147/147    AC: 19    Str: 14      XL:     26   Next: 79%
Magic:  56/58      EV: 16    Int: 35 (36) God:    Vehumet [******]
Gold:   6157       SH:  9    Dex: 16      Spells: 2/73 levels left

rFire   + + .      SeeInvis +   a - +8 rapier "Zipisme" {vorpal, rF+ Str+10}
rCold   + + .      Faith    .   T - +3 buckler {rC+}
rNeg    . . .      Spirit   +   C - +4 moon troll leather armour {Spirit, Regen++ MP+5}
rPois   +          Reflect  .   b - +2 hat of the Bear Spirit {Spirit, *Rage Will++}
rElec   +          Harm     .   e - +2 cloak {rPois}
rCorr   +          Rampage  .   X - +2 pair of gloves
Will    +++++      Rage     20% n - +2 pair of boots {Stlth+}
Stlth   ++........              G - amulet "Geqi" {RegenMP rElec rCorr}
HPRegen 1.94/turn               U - ring of protection from fire
MPRegen 0.76/turn               o - ring of the Well-Known Bones {rC+ Dex+3 SInv Stlth+}

@: studying Stealth
A: strong-willed 1, mutation resistance 1
0: Orb of Zot
}: 3/15 runes: decaying, serpentine, silver
a: Renounce Religion


You escaped.
You worshipped Vehumet.
Vehumet was exalted by your worship.
You visited 10 branches of the dungeon, and saw 49 of its levels.
You visited 1 bazaar.
You also visited: Ossuary, Bailey, Ice Cave and Volcano.

You collected 8937 gold pieces.
You spent 2780 gold pieces at shops.

Inventory:

Hand Weapons
 a - the +8 rapier "Zipisme" (weapon) {vorpal, rF+ Str+10}
   (You took it off a deep elf demonologist on level 3 of the Elven Halls)

   It inflicts extra damage upon your enemies.
   Str:       It affects your strength (+10).
   rF:        It protects you from fire.
 N - the +12 rapier of Defiance {vorpal, *Rage rPois rC+ Int+5}
   (You found it on level 2 of the Lair of Beasts)

   It inflicts extra damage upon your enemies.
   Int:       It affects your intelligence (+5).
   rC:        It protects you from cold.
   rPois:     It protects you from poison.
   *Rage:     It berserks you when you make melee attacks (+20% chance).
 P - the +5 great sword "Mimaim" {vorpal, MP+9 Str-2 Int+8 Stlth+}
   (You took it off an ironbound convoker on level 2 of the Vaults)

   It inflicts extra damage upon your enemies.
   Str:       It affects your strength (-2).
   Int:       It affects your intelligence (+8).
   MP:        It affects your magic capacity (+9).
   Stlth:     It makes you more stealthy.
Missiles
 L - 2 throwing nets
Armour
 b - the +2 hat of the Bear Spirit (worn) {Spirit, *Rage Will++}
   (You found it on level 2 of the Depths)

   Going berserk makes the wearer tougher, and they're slowed less afterward.
   *Rage:     It berserks you when you make melee attacks (+20% chance).
   Will:      It greatly increases your willpower.
 e - a +2 cloak of poison resistance (worn)
 n - a +2 pair of boots of stealth (worn)
 C - the +4 moon troll leather armour (worn) {Spirit, Regen++ MP+5}
   (You bought it in a shop on level 4 of the Dungeon)

   MP:        It affects your magic capacity (+5).
   Regen:     It increases your rate of health regeneration.
 I - a +3 buckler
 T - a +3 buckler of cold resistance (worn)
 X - a +2 pair of gloves (worn)
 Y - a +0 kite shield of reflection
Jewellery
 o - the ring of the Well-Known Bones (right hand) {rC+ Dex+3 SInv Stlth+}
   (You bought it in a shop on level 2 of the Orcish Mines)

   [ring of see invisible]

   Dex:       It affects your dexterity (+3).
   rC:        It protects you from cold.
   SInv:      It lets you see invisible.
   Stlth:     It makes you more stealthy.
 p - a +6 ring of dexterity
 G - the amulet "Geqi" (around neck) {RegenMP rElec rCorr}
   (You took it off a deep elf zephyrmancer on level 3 of the Elven Halls)

   [amulet of magic regeneration]

   It increases your rate of magic regeneration.
   rElec:     It insulates you from electricity.
   rCorr:     It protects you from acid and corrosion.
 M - an amulet of reflection
 O - the ring "Teufuh" {Str+3 Int+6}
   (You found it in an ice cave)

   [ring of intelligence]

   Str:       It affects your strength (+3).
   Int:       It affects your intelligence (+6).
 Q - the ring "Wyotit" {rElec Str+6 Int+3 Stlth+}
   (You took it off a deep elf death mage on level 3 of the Elven Halls)

   [ring of strength]

   Str:       It affects your strength (+6).
   Int:       It affects your intelligence (+3).
   rElec:     It insulates you from electricity.
   Stlth:     It makes you more stealthy.
 U - a ring of protection from fire (left hand)
 V - the ring "Eweukufa" {rC+ Str+6}
   (You took it off a deep elf elementalist on level 3 of the Elven Halls)

   [ring of protection from cold]

   Str:       It affects your strength (+6).
   rC:        It protects you from cold.
Wands
 k - a wand of mindburst (6)
 H - a wand of digging (1)
Scrolls
 f - 10 scrolls of fear
 h - 6 scrolls of holy word
 i - 9 scrolls of fog
 m - 15 scrolls of teleportation
 w - a scroll of brand weapon
 x - 13 scrolls of vulnerability
 y - 3 scrolls of summoning
 F - 12 scrolls of blinking
 K - 7 scrolls of amnesia
 R - 8 scrolls of enchant armour
 S - a scroll of silence
 W - 5 scrolls of magic mapping
 Z - 3 scrolls of enchant weapon
Potions
 c - 11 potions of heal wounds
 d - 28 potions of curing
 g - 7 potions of cancellation
 j - 8 potions of flight
 l - 18 potions of lignification
 q - 9 potions of resistance
 r - 10 potions of brilliance
 t - 12 potions of attraction
 u - 6 potions of haste
 z - 4 potions of ambrosia
 A - 12 potions of magic
 B - 3 potions of berserk rage
 D - 2 potions of invisibility
 E - 12 potions of might
 J - 8 potions of mutation


   Skills:
 - Level 10.0 Fighting
 - Level 9.0 Dodging
 - Level 9.0 Stealth
 - Level 7.0 Shields
 - Level 24.0 Spellcasting
 - Level 21.0 Conjurations
 - Level 10.0 Hexes
 - Level 10.0 Translocations
 * Level 20.1 Fire Magic
 - Level 25.0 Air Magic
 - Level 24.0 Earth Magic


You had 2 spell levels left.
You knew the following spells:

 Your Spells              Type           Power      Damage    Failure   Level
a - Magic Dart            Conj           100%       1d8       0%          1
b - Searing Ray           Conj           100%       2d8       0%          2
c - Fulminant Prism       Conj/Hex       50%        3d23      0%          4
d - Iskenderun's Mystic   Conj/Tloc      100%       2d19      0%          4
e - Iron Shot             Conj/Erth      57%        9d11      0%          6
f - Starburst             Conj/Fire      55%        6d15      1%          6
h - Orb of Destruction    Conj           56%        9d14      1%          7
i - Maxwell's Capacitive  Air            60%        ∞         1%          8
j - Shatter               Erth           59%        3d44*     1%          9
s - Fire Storm            Conj/Fire      55%        8d14      5%          9
x - Chain Lightning       Conj/Air       58%        3d77      2%          9
z - Conjure Ball Lightni  Conj/Air       58%        3x3d21    0%          6

Your spell library contained the following spells:

 Spells                   Type           Power      Damage    Failure   Level
 Ignition                 Fire           55%        3d15      1%          8
 Foxfire                  Conj/Fire      100%       2x1d9     0%          1
 Sandblast                Erth           100%       2d20      0%          1
 Passwall                 Tmut/Erth      75%        N/A       0%          2
 Poisonous Vapours        Pois/Air       100%       N/A       0%          2
 Scorch                   Fire           100%       2d10      0%          2
 Static Discharge         Conj/Air       100%       N/A       0%          2
 Sting                    Tmut/Pois      100%       1d8       1%          1
 Call Imp                 Summ           42%        N/A       1%          2
 Ensorcelled Hibernation  Hex/Ice        100%       N/A       1%          2
 Sublimation of Blood     Necr           42%        N/A       1%          2
 Conjure Flame            Conj/Fire      100%       6-21      0%          3
 Dazzling Flash           Conj/Hex       100%       N/A       0%          3
 Inner Flame              Hex/Fire       99%        N/A       0%          3
 Mephitic Cloud           Conj/Pois/Air  99%        N/A       0%          3
 Stone Arrow              Conj/Erth      100%       3d13      0%          3
 Swiftness                Air            100%       N/A       0%          3
 Airstrike                Air            60%        N/A       0%          4
 Flame Wave               Conj/Fire      100%       2d17      0%          4
 Leda's Liquefaction      Hex/Erth       51%        N/A       0%          4
 Iskenderun's Battlesphe  Conj           100%       2d15      0%          5
 Lightning Bolt           Conj/Air       58%        1d80      0%          5
 Ignite Poison            Fire/Tmut/Pois 73%        N/A       1%          3
 Portal Projectile        Hex/Tloc       100%       N/A       1%          3
 Summon Guardian Golem    Hex/Summ       67%        N/A       1%          3
 Tukima's Dance           Hex            84%        N/A       1%          3
 Animate Armour           Summ/Erth      100%       N/A       1%          4
 Hailstorm                Conj/Ice       86%        3d17      1%          4
 Passage of Golubria      Tloc           84%        N/A       1%          4
 Petrify                  Tmut/Erth      90%        N/A       1%          4
 Summon Lightning Spire   Summ/Air       92%        N/A       1%          4
 Freezing Cloud           Conj/Ice/Air   49%        6-21      1%          5
 Irradiate                Conj/Tmut      43%        3d28      1%          5
 Silence                  Hex/Air        52%        N/A       1%          5
 Yara's Violent Unravell  Hex/Tmut       33%        3d14      1%          5
 Statue Form              Tmut/Erth      60%        N/A       1%          6
 Lehudib's Crystal Spear  Conj/Erth      57%        10d13     1%          8
 Call Canine Familiar     Summ           42%        N/A       2%          3
 Ozocubu's Armour         Ice            42%        N/A       2%          3
 Spider Form              Tmut/Pois      42%        N/A       2%          3
 Olgreb's Toxic Radiance  Pois           42%        N/A       2%          4
 Dispersal                Tloc           42%        N/A       2%          6
 Metabolic Englaciation   Hex/Ice        33%        N/A       3%          5
 Summon Forest            Summ/Tloc      33%        N/A       3%          5
 Summon Mana Viper        Hex/Summ       67%        N/A       3%          5
 Spellforged Servitor     Conj/Summ      43%        N/A       3%          7
 Storm Form               Tmut/Air       46%        N/A       4%          7
 Summon Ice Beast         Ice/Summ       42%        N/A       10%         4
 Agony                    Necr           42%        N/A       26%         5
 Alistair's Intoxication  Tmut/Pois      28%        N/A       26%         5
 Blade Hands              Tmut           21%        N/A       26%         5
 Excruciating Wounds      Necr           21%        N/A       26%         5
 Eringya's Noxious Bog    Tmut/Pois      21%        N/A       34%         6
 Discord                  Hex            42%        N/A       71%         8
 Disjunction              Tloc           42%        N/A       71%         8
 Simulacrum               Ice/Necr       21%        N/A       82%         6
 Monstrous Menagerie      Summ           21%        N/A       100%        7
 Summon Hydra             Summ           21%        N/A       100%        7
 Polar Vortex             Ice            21%        N/A       100%        9


Dungeon Overview and Level Annotations

Branches:
Dungeon (15/15)            Temple (1/1) D:4            Lair (6/6) D:10
  Swamp (4/4) Lair:4        Snake (4/4) Lair:3        Slime (0/5) Lair:6
    Orc (2/2) D:10            Elf (3/3) Orc:2        Vaults (5/5) D:13
  Crypt (0/3) Vaults:2     Depths (4/4) D:15            Zot (5/5) Depths:4
Ossuary (visited)          Bailey (visited)           IceCv (visited)
Volcano (visited)

Altars:
Ashenzari
Cheibriados
Dithmenos
Elyvilon
Fedhas
Gozag
Hepliaklqana
Kikubaaqudgha
Makhleb
Nemelex Xobeh
Okawaru
Qazlal
Ru
Sif Muna
Trog
Uskayaw
Vehumet
Wu Jian
Xom
Yredelemnul
Zin
The Shining One
Beogh
Jiyva

Shops:
D:4 [   D:9 (   D:10 (   D:11 (   Orc:2 [[=:   Elf:1 *   Elf:2 (   Vaults:4 (
Vaults:5 ?   Depths:4 (

Portals:
Hell: Lair:6 Depths:1 Depths:2 Depths:3 Depths:4
Abyss: Depths:3
Pandemonium: Depths:2 Depths:3
Ziggurat: Depths:3

Annotations:
Vaults:2 3 runed translucent doors, exclusion: 3 doors
Vaults:4 dig for gold, hatch to
V:5 ?
Depths:1 exclusion: door


Innate Abilities, Weirdness & Mutations

You are strong-willed. (Will+)
You are somewhat resistant to further mutation.


Message History

The electricity discharges through the sun demon!
The sun demon vaporises in an electric haze!
You kill the sun demon!
Vehumet accepts your kill.
You feel your power returning. The neqoxec gestures at you.
You feel dopey. Something feeds on your intellect!
Casting: Maxwell's Capacitive Coupling (mildly dangerous; 1% risk of failure)
Confirm with . or Enter, or press ? or * to list all spells.
Aiming: Iron Shot (safe; 0% risk of failure)
Press: ? - help, Shift-Dir - straight line, f - neqoxec
Aim: a neqoxec (74% to hit)
The iron shot misses the neqoxec.
Unknown command.
Casting: Iron Shot (safe; 0% risk of failure)
Confirm with . or Enter, or press ? or * to list all spells.
Aiming: Iron Shot (safe; 0% risk of failure)
Press: ? - help, Shift-Dir - straight line, f/p - neqoxec
Aim: a neqoxec (74% to hit)
The iron shot hits the neqoxec!!!
You kill the neqoxec!
Vehumet accepts your kill.
Unknown command.
Magic courses through your body.
(D) Dungeon (T) Temple (L) Lair (S) Swamp (P) Snake Pit (M) Slime Pits (O) Orcish Mines (E) Elven Halls (V) Vaults (C) Crypt (U) Depths (H) Hell (Z) Zot
Where to? (* - list waypoints, Enter - D:1 @ (x,y), ? - help)
There is an escape hatch in the ceiling here.
A mysterious force pulls you upwards. The hatch slams shut behind you.
There is a stone staircase leading up here.
You climb upwards.
There is a stone staircase leading down here.
There is an escape hatch in the ceiling here.
A mysterious force pulls you upwards. The hatch slams shut behind you.
There is a staircase leading out of the dungeon here.
You can't go down here!
You have escaped!

.###..#...........##.....####....
#####.............##.............
.........##...#####......#####.##
####......#..#.###.#.....# #.#
####.##.....###.#.###..### #.#
.....####..## ##.## ##.# ##.##
....## ###.###.#.###.## ####....
....### ##.#.#.#.#.#####.......
......# ##.#.@.#.###..#^#.....
##.##.# ####.#.#.#.#.##..#.......
...##.###.#.###.#.###.#.####.##_#
...........## ##.## ##..##8^..#.#
....####..#####.#.###....######.#
...## ##....#.###.#..##.### ###
...# #.##..#####..###...### .###
#.##.....##### ###...#### .#
#.##.....# #.#....#


There were no monsters in sight!

Vanquished Creatures
  3 ancient liches
  9 orbs of fire
  Mara (Depths:2)
  7 Killer Klowns
  Vashnia (Snake:3)
  A caustic shrike (Depths:2)
  2 curse toes (Zot:4)
  A pandemonium lord (Depths:1)
  the Enchantress (Depths:4)
  7 golden dragons
  4 electric golems
  A Brimstone Fiend (D:7)
  Rupert (D:15)
  26 Orb Guardians
  2 deep elf blademasters (Elf:3)
  15 quicksilver dragons
  20 tentacled monstrosities
  7 liches
  Asterion (Elf:2)
  A walking divine tome (Depths:2)
  2 deep elf master archers (Elf:3)
  18 titans
  The ghost of ILmort the Slayer, an adept HOFi of Nemelex Xobeh (Snake:1)
  7 death cobs
  2 sphinxes (Vaults:1)
  2 Executioners
  Kirke (Lair:6)
  Gastronok (Lair:2)
  16 shadow dragons
  15 storm dragons
  5 tengu reavers
  Agnes (Snake:1)
  Donald (Snake:2)
  The ghost of duchin the Warrior, an adept DrFi of Hepliaklqana (Swamp:3)
  5 nagarajas (Snake:4)
  Roxanne (Swamp:1)
  A thorn hunter (Swamp:4)
  9 draconian knights
  4 draconian monks
  4 fenstrider witches
  2 iron dragons (Vaults:5)
  8 frost giants
  9 fire giants
  A balrug (D:4)
  9 deep elf sorcerers
  4 orc warlords
  23 vault wardens
  A ghost moth (Zot:2)
  Aizul (Snake:2)
  Louise (Depths:3)
  7 draconian scorchers
  6 draconian shifters
  5 deep elf elementalists (Elf:3)
  5 draconian annihilators
  15 stone giants
  5 ghouls
  The ghost of LucemDeus the Unseen, a journeyman KoBr of Dithmenos (Snake:2)
  21 ironbound preservers
  3 spriggan defenders (Depths:4)
  17 very ugly things
  12 ironbound thunderhulks
  A reaper (Swamp:4)
  11 green draconians
  A draconian stormcaller (Zot:3)
  8 war gargoyles
  7 eleionomae
  8 deep elf demonologists
  3 bunyips
  Nessos (Lair:6)
  Azrael (Elf:1)
  A dire elephant (Lair:6)
  2 entropy weavers
  A vampire knight (Depths:4)
  13 black draconians
  15 white draconians
  5 spark wasps
  13 red draconians
  6 deep elf annihilators
  6 yellow draconians
  26 purple draconians
  7 deep elf death magi
  11 fire dragons
  A green death (Swamp:4)
  13 ettins
  A crystal guardian (Vaults:4)
  A merfolk impaler (Depths:2)
  A great orb of eyes (shapeshifter) (Depths:2)
  3 shambling mangroves (Swamp:4)
  13 great orbs of eyes
  6 deep elf high priests
  The ghost of ciphuk the Spry, a journeyman FeSu of Gozag (Swamp:2)
  16 yaktaur captains
  Erolcha (D:10)
  4 boulder beetles
  18 hydras
  2 hell beasts
  14 anacondas
  5 salamander tyrants
  11 naga warriors
  4 ghost crabs
  A caustic shrike simulacrum (IceCv)
  7 spriggan air magi
  39 vault guards
  7 rakshasas
  An anaconda (shapeshifter) (Depths:2)
  2 peacekeepers
  10 ironbound frosthearts
  6 ice dragons
  A death knight (D:14)
  6 centaur warriors
  9 ogre magi
  A catoblepas (Lair:6)
  Erica (Lair:1)
  30 dancing weapons
  8 deep troll earth magi
  10 two-headed ogres
  10 alligators
  9 deep troll shamans
  A vampire mage (Depths:1)
  3 tengu warriors
  5 death yaks (Lair:2)
  14 spriggan berserkers
  17 naga sharpshooters
  4 shock serpents
  17 hell knights
  11 deep elf knights
  4 soul eaters
  5 sun demons
  A death drake (Swamp:4)
  11 iron trolls
  5 salamander mystics
  A sixfirhy (Swamp:4)
  6 skeletal warriors
  A spectral anaconda (Snake:2)
  4 goliath frogs
  7 bog bodies
  17 wizards
  7 swamp dragons
  4 flayed ghosts
  76 deep trolls
  5 glowing orange brains
  18 deep elf archers
  10 spriggan druids
  A shadow demon (Depths:3)
  8 naga ritualists
  4 phantasmal warriors (Vaults:5)
  24 ironbound convokers
  9 lindwurms
  Pikel (D:7)
  3 orange crystal statues
  6 necromancers
  15 orc knights
  21 deep elf pyromancers
  8 harpies (Vaults:1)
  32 deep elf zephyrmancers
  A wolf spider zombie (D:13)
  7 mana vipers
  46 ugly things
  3 will-o-the-wisps
  7 cyclopes
  A manticore (D:15)
  15 orc sorcerers
  11 salamanders
  2 large abominations (Depths:2)
  25 moths of wrath
  14 naga magi
  2 rust devils
  5 toenail golems (Volcano)
  26 vault sentinels
  A water nymph (shapeshifter) (Vaults:5)
  12 orange demons
  36 black mambas
  9 elephants
  2 guardian serpents
  A smoke demon (Depths:3)
  2 gargoyles
  9 cane toads
  2 unseen horrors
  An unseen horror (shapeshifter) (D:15)
  A redback zombie (D:15)
  A tengu conjurer (Depths:4)
  An efreet (D:13)
  4 komodo dragons
  7 rime drakes
  2 ice devils
  26 yaktaurs
  7 freezing wraiths
  3 entropy weaver simulacra (Snake:2)
  3 hellwings
  2 anaconda simulacra (IceCv)
  A yaktaur (shapeshifter) (Elf:3)
  5 trolls
  A queen bee (shapeshifter) (Elf:1)
  A red devil (Lair:6)
  3 meliai (D:14)
  A harpy zombie (D:15)
  2 polar bears
  3 bloated husks
  20 blink frogs
  16 hornets
  10 tyrant leeches
  A blink frog (shapeshifter) (D:14)
  43 slime creatures
  A spectral black mamba (Snake:2)
  A centaur simulacrum (D:11)
  2 culicivoras (shapeshifter)
  20 spriggans
  4 dire elephant simulacra
  A yak (shapeshifter) (D:15)
  3 air elementals
  3 wraiths
  Sigmund (D:6)
  2 shadows
  44 yaks
  5 wyverns
  9 fire elementals
  8 water elementals
  2 hogs (Lair:6)
  5 basilisks
  4 neqoxecs
  2 redbacks (Vaults:3)
  8 vampire mosquitoes
  2 minotaur simulacra (Snake:2)
  Menkaure (Ossuary)
  A steam dragon (D:7)
  A redback simulacrum (D:14)
  3 harpy simulacra
  2 chaos spawn (Depths:3)
  9 wargs
  12 swamp worms
  46 nagas
  A swamp worm (shapeshifter) (Vaults:5)
  3 acid dragons
  5 hell hounds
  18 water moccasins
  3 hydra simulacra
  3 black bears
  27 orc warriors
  2 sky beasts
  An ice beast (D:6)
  A black mamba simulacrum (Snake:2)
  3 ettin simulacra (IceCv)
  2 necrophages
  5 wolves (Lair:6)
  7 centaurs
  19 ogres
  2 alligator simulacra (IceCv)
  A phantom (D:6)
  2 lemures (D:7)
  9 bullfrogs
  4 gnoll sergeants
  7 earth elementals
  A scorpion (D:6)
  A naga simulacrum (Snake:2)
  A wyvern skeleton (D:7)
  A water moccasin skeleton (D:4)
  A water moccasin zombie (D:5)
  6 spectral nagas (Snake:2)
  6 killer bees (D:9)
  2 lindwurm simulacra
  9 wights
  13 electric eels
  A howler monkey (D:6)
  8 centaur zombies
  A bullfrog zombie (D:6)
  2 hounds
  2 centaur skeletons
  14 orc priests
  A bullfrog skeleton (D:6)
  Terence (D:3)
  4 iguanas
  53 orc wizards
  4 hell rats (Lair:5)
  A killer bee zombie (D:7)
  4 mummies
  2 howler monkey zombies
  4 adders
  18 gnolls
  2 shadow imps
  4 dart slugs
  95 orcs
  3 ball pythons
  8 endoplasms
  2 gnoll zombies (Ossuary)
  5 goblins
  4 hobgoblins
  4 jackals (D:3)
  A quokka (D:1)
  8 bats
  7 frilled lizards
  7 gnoll skeletons (Ossuary)
  5 goblin skeletons (Ossuary)
  5 goblin zombies (Ossuary)
  4 hobgoblin skeletons (Ossuary)
  3 hobgoblin zombies (Ossuary)
  5 kobolds
  2 kobold skeletons (Ossuary)
  3 kobold zombies (Ossuary)
  4 orc skeletons (Ossuary)
  9 orc zombies (Ossuary)
  A quokka zombie (D:6)
  10 rats
  3 rat skeletons (Ossuary)
  4 rat zombies
  3 ball lightnings
  A fulminant prism (Orc:1)
2274 creatures vanquished.

Vanquished Creatures (collateral kills)
  An orc wizard (D:8)
  68 ball lightnings
69 creatures vanquished.

Vanquished Creatures (others)
  A bog body (Swamp:3)
  A slime creature (D:13)
  An air elemental (Elf:1)
  5 humans (Lair:6)
  A vampire mosquito (Swamp:3)
  A hydra simulacrum (Swamp:3)
  1603 ball lightnings
  6 foxfires
  372 fulminant prisms
  33 fungi
  68 plants
  3 withered plants (D:13)
2095 creatures vanquished.

Grand Total: 4438 creatures vanquished

Notes
Turn   | Place    | Note
-------+----------+-------------------------------------------
     0 | D:1      | KamiKatze the Deep Elf Conjurer began the quest for the
                  | Orb.
     0 | D:1      | Reached XP level 1. HP: 10/10 MP: 6/6
   152 | D:1      | Reached XP level 2. HP: 15/15 MP: 5/8
   157 | D:1      | Learned a level 2 spell: Searing Ray
   433 | D:1      | Found a faded altar of an unknown god.
   438 | D:1      | Reached skill level 1 in Hexes
   538 | D:1      | Reached XP level 3. HP: 19/19 MP: 7/10
  1023 | D:2      | Found a hazy altar of Hepliaklqana.
  1363 | D:2      | Reached skill level 5 in Conjurations
  1500 | D:2      | Reached XP level 4. HP: 24/24 MP: 6/11
  1508 | D:2      | Learned a level 4 spell: Fulminant Prism
  1888 | D:3      | Noticed Terence
  1901 | D:3      | Killed Terence
  1902 | D:3      | Reached skill level 1 in Translocations
  2122 | D:3      | Reached XP level 5. HP: 28/28 MP: 2/13
  2176 | D:3      | Learned a level 4 spell: Iskenderun's Mystic Blast
  2368 | D:3      | Found an ornate altar of the Wu Jian Council.
  2725 | D:4      | Found a staircase to the Ecumenical Temple.
  2727 | D:4      | Found Atexzyl's Armour Emporium.
  2736 | Temple   | Entered the Ecumenical Temple
  2780 | Temple   | Became a worshipper of Vehumet
  2971 | D:4      | Noticed an ogre
  3210 | D:4      | Reached skill level 5 in Spellcasting
  3210 | D:4      | Reached XP level 6. HP: 25/32 MP: 8/15
  3597 | D:5      | Entered Level 5 of the Dungeon
  4002 | D:4      | Bought a +1 cloak of willpower for 165 gold pieces
  4207 | D:5      | Noticed a water moccasin
  4213 | D:5      | Killed a water moccasin
  4214 | D:5      | Reached XP level 7. HP: 36/36 MP: 8/17
  4284 | D:5      | Found a broken altar of Ashenzari.
  4451 | D:5      | Found a glowing golden altar of the Shining One.
  4884 | D:6      | Found a sand-covered staircase.
  4891 | Ossuary  | Entered an ossuary
  5128 | Ossuary  | Reached * piety under Vehumet
  5128 | Ossuary  | Offered knowledge of Freeze by Vehumet.
  5818 | Ossuary  | Reached ** piety under Vehumet
  5842 | Ossuary  | Offered knowledge of Foxfire by Vehumet.
  6077 | Ossuary  | Noticed Menkaure
  6083 | Ossuary  | Killed Menkaure
  6084 | Ossuary  | Reached skill level 5 in Hexes
  6317 | D:6      | Reached XP level 8. HP: 41/41 MP: 7/20
  6670 | D:6      | Found a white marble altar of Elyvilon.
  7038 | D:6      | Reached skill level 5 in Translocations
  7641 | D:6      | Noticed Sigmund
  7733 | D:6      | Killed Sigmund
  7812 | D:7      | Reached XP level 9. HP: 45/45 MP: 12/23
  8166 | D:7      | Offered knowledge of Frozen Ramparts by Vehumet.
  8168 | D:7      | Noticed Pikel
  8192 | D:7      | Killed Pikel
  8230 | D:7      | Found an iron altar of Okawaru.
  8694 | D:8      | Noticed a two-headed ogre
  8829 | D:8      | Reached *** piety under Vehumet
  9164 | D:8      | Found a sparkling altar of Nemelex Xobeh.
  9166 | D:8      | Found a basalt altar of Yredelemnul.
  9168 | D:8      | Found a shadowy altar of Dithmenos.
  9226 | D:8      | Found a flagged portal.
  9235 | Bailey   | Entered a bailey
  9254 | Bailey   | Reached XP level 10. HP: 50/50 MP: 21/25
  9256 | Bailey   | Reached skill level 10 in Spellcasting
  9276 | Bailey   | Offered knowledge of Hailstorm by Vehumet.
  9375 | Bailey   | Noticed a two-headed ogre
  9423 | Bailey   | Killed a two-headed ogre
  9514 | Bailey   | Reached skill level 10 in Hexes
  9809 | D:8      | Reached skill level 10 in Conjurations
  9809 | D:8      | Identified the +4 halberd of Dismemberment {elec, rCorr}
  9945 | D:8      | Reached **** piety under Vehumet
 10187 | D:8      | Killed a two-headed ogre
 10421 | D:9      | Reached XP level 11. HP: 54/54 MP: 16/28
 10423 | D:9      | Offered knowledge of Iskenderun's Battlesphere by Vehumet.
 10431 | D:9      | Learned a level 5 spell: Iskenderun's Battlesphere
 10818 | D:9      | Found Hechaigh's Weapon Shoppe.
 11083 | D:9      | Found a stormy altar of Qazlal.
 11688 | D:10     | Entered Level 10 of the Dungeon
 11871 | D:10     | Noticed a two-headed ogre
 11880 | D:10     | Killed a two-headed ogre
 11881 | D:10     | Reached skill level 10 in Translocations
 11895 | D:10     | Killed Erolcha
 12080 | D:10     | Found a staircase to the Orcish Mines.
 12082 | D:10     | Found Hosmatum's Weapon Emporium.
 12614 | D:10     | Reached ***** piety under Vehumet
 12819 | D:10     | Found a staircase to the Lair.
 13103 | D:11     | Noticed a boulder beetle
 13104 | D:11     | Offered knowledge of Airstrike by Vehumet.
 13162 | D:11     | Noticed an orc sorcerer
 13166 | D:11     | Killed an orc sorcerer
 13244 | D:11     | Noticed an orc knight
 13253 | D:11     | Killed an orc knight
 13266 | D:10     | Learned a level 4 spell: Airstrike
 13363 | Lair:1   | Entered Level 1 of the Lair of Beasts
 13387 | Lair:1   | Noticed Erica
 13397 | Lair:1   | Killed Erica
 13398 | Lair:1   | Reached skill level 2 in Air Magic
 13398 | Lair:1   | Reached XP level 12. HP: 59/59 MP: 20/32
 14215 | Lair:2   | Reached skill level 1 in Shields
 14218 | Lair:2   | Reached skill level 3 in Air Magic
 14301 | Lair:2   | Noticed a six-headed hydra
 14344 | Lair:2   | Killed a six-headed hydra
 14345 | Lair:2   | Reached skill level 4 in Air Magic
 14387 | Lair:2   | Noticed Gastronok
 14397 | Lair:2   | Killed Gastronok
 14552 | Lair:2   | Noticed a four-headed hydra
 14559 | Lair:2   | Reached skill level 5 in Air Magic
 14577 | Lair:2   | Killed a four-headed hydra
 14631 | Lair:2   | Noticed a death yak
 14643 | Lair:2   | Killed a death yak
 14765 | Lair:2   | Noticed a death yak
 14766 | Lair:2   | Noticed a death yak
 14766 | Lair:2   | Noticed a death yak
 14772 | Lair:2   | Noticed a death yak
 14774 | Lair:2   | Killed a death yak
 14774 | Lair:2   | Killed a death yak
 14775 | Lair:2   | Reached skill level 6 in Air Magic
 14777 | Lair:2   | Killed a death yak
 14780 | Lair:2   | Noticed an eight-headed hydra
 14788 | Lair:2   | Killed a death yak
 14804 | Lair:2   | Killed an eight-headed hydra
 14805 | Lair:2   | Reached skill level 5 in Shields
 14805 | Lair:2   | Reached skill level 7 in Air Magic
 14933 | Lair:2   | Identified the +12 rapier of Defiance {vorpal, *Rage rPois
                  | rC+ Int+5}
 15229 | Lair:3   | Noticed a five-headed hydra
 15232 | Lair:3   | Killed a five-headed hydra
 15406 | Lair:3   | Found a staircase to the Snake Pit.
 15677 | Lair:3   | Reached skill level 8 in Air Magic
 15758 | Lair:3   | Noticed an eight-headed hydra
 15763 | Lair:3   | Killed an eight-headed hydra
 15764 | Lair:3   | Reached XP level 13. HP: 63/63 MP: 21/33
 16375 | Lair:4   | Identified the +1 leather armour of the Pink Corner {rN+
                  | Int-2 SInv Stlth+}
 16508 | Lair:4   | Found a dark tunnel.
 16518 | Volcano  | Entered a volcano
 16532 | Volcano  | Reached skill level 9 in Air Magic
 16639 | Volcano  | Reached skill level 1 in Fighting
 16760 | Volcano  | Offered knowledge of Orb of Destruction by Vehumet.
 16769 | Volcano  | Learned a level 7 spell: Orb of Destruction
 17046 | Lair:4   | Found a staircase to the Swamp.
 17671 | Lair:5   | Identified a scroll of acquirement
 17747 | Lair:5   | Reached skill level 15 in Spellcasting
 18218 | Lair:5   | Identified the +4 long sword "Juocvyp" {protect, rC+}
 18437 | Lair:6   | Entered Level 6 of the Lair of Beasts
 18450 | Lair:6   | Reached skill level 5 in Stealth
 18513 | Lair:6   | Noticed Kirke
 18515 | Lair:6   | Reached skill level 5 in Dodging
 18518 | Lair:6   | Killed Kirke
 18631 | Lair:6   | Reached XP level 14. HP: 72/72 MP: 19/35
 19189 | Lair:6   | Offered knowledge of Conjure Ball Lightning by Vehumet.
 19197 | Lair:6   | Learned a level 6 spell: Conjure Ball Lightning
 19198 | Lair:6   | Found a viscous altar of Jiyva.
 19198 | Lair:6   | Found a staircase to the Slime Pits.
 19656 | Lair:6   | Found a burning altar of Makhleb.
 19656 | Lair:6   | Noticed Nessos
 19912 | D:11     | Found Taanojig's Antique Weapon Boutique.
 20125 | D:10     | Learned a level 6 spell: Starburst
 20707 | Orc:1    | Entered Level 1 of the Orcish Mines
 21126 | Orc:1    | You fall into a shaft and drop 1 floor!
 21126 | Orc:2    | Entered Level 2 of the Orcish Mines
 21131 | Orc:2    | Found a staircase to the Elven Halls.
 21212 | Orc:1    | Reached skill level 1 in Fire Magic
 21214 | Orc:1    | Offered knowledge of Freezing Cloud by Vehumet.
 21493 | Orc:2    | Found Orute's Weapon Shop.
 21908 | Orc:2    | Learned a level 5 spell: Freezing Cloud
 22106 | Orc:2    | Found Ynusebbekim's Book Shop.
 22106 | Orc:2    | Found Puocan's Jewellery Emporium.
 22803 | Orc:2    | Found Bukhleicw's Armour Shop.
 22803 | Orc:2    | Found Debisoasem's Armour Emporium.
 22926 | Orc:2    | Bought the ring of the Well-Known Bones {rC+ Dex+3 SInv
                  | Stlth+} for 533 gold pieces
 23110 | D:12     | Reached ****** piety under Vehumet
 23244 | D:12     | Offered knowledge of Yara's Violent Unravelling by Vehumet.
 23992 | D:12     | Identified the +7 war axe of Midnight {vorpal, *Noise rElec
                  | Int+4}
 24090 | D:13     | Noticed a ghoul
 24091 | D:13     | Reached XP level 15. HP: 80/80 MP: 33/38
 24260 | D:13     | Found a glowing silver altar of Zin.
 24761 | D:13     | Found a gate to the Vaults.
 25319 | D:14     | Reached skill level 5 in Fire Magic
 25421 | D:14     | Reached skill level 15 in Conjurations
 26102 | D:14     | Reached skill level 5 in Fighting
 26137 | D:14     | Reached skill level 10 in Air Magic
 26897 | D:15     | Entered Level 15 of the Dungeon
 27028 | D:15     | Noticed Rupert
 27462 | D:15     | HP: 4/82 [centaur warrior/arrow (33)]
 27885 | D:15     | Killed Rupert
 27892 | D:15     | Offered knowledge of Lightning Bolt by Vehumet.
 28527 | D:15     | Reached XP level 16. HP: 79/88 MP: 38/40
 28793 | D:15     | Found a staircase to the Depths.
 28830 | D:15     | Found the +5 sword of Power {vorpal}
 29130 | D:15     | Found an ornate altar of the Wu Jian Council.
 30080 | Swamp:1  | Entered Level 1 of the Swamp
 30774 | D:4      | Bought the +4 moon troll leather armour {Spirit, Regen++
                  | MP+5} for 545 gold pieces
 30774 | D:4      | Found the +4 moon troll leather armour {Spirit, Regen++
                  | MP+5}
 31345 | Swamp:1  | Identified the +6 long sword of Destiny {spect, Dex+5}
 31458 | Swamp:1  | Identified Roxanne's Incunabulum of Shape Shifting
 31458 | Swamp:1  | Noticed Roxanne
 31486 | Swamp:1  | Killed Roxanne
 31561 | Swamp:2  | Offered knowledge of Eringya's Noxious Bog by Vehumet.
 31773 | Swamp:2  | Reached skill level 11 in Air Magic
 31792 | Swamp:2  | Found a runed translucent gate.
 31793 | Swamp:2  | Found a runed translucent gate.
 31793 | Swamp:2  | Found a runed translucent gate.
 31794 | Swamp:2  | Noticed ciphuk's ghost (journeyman FeSu)
 32429 | Swamp:3  | Noticed duchin's ghost (adept DrFi)
 32435 | Swamp:3  | Found a transporter.
 32477 | Swamp:3  | Found a transporter.
 32681 | Swamp:4  | Entered Level 4 of the Swamp
 33001 | Swamp:4  | Reached XP level 17. HP: 84/96 MP: 30/43
 33349 | Swamp:4  | Reached skill level 12 in Air Magic
 33357 | Swamp:4  | Identified the +6 great sword of the Five Beds {protect,
                  | rC+}
 33360 | Swamp:4  | Offered knowledge of Shatter by Vehumet.
 33360 | Swamp:4  | Offered knowledge of Chain Lightning by Vehumet.
 33360 | Swamp:4  | Offered knowledge of Ignition by Vehumet.
 33379 | Swamp:4  | Learned a level 9 spell: Shatter
 33655 | Swamp:4  | Reached skill level 1 in Earth Magic
 33858 | Swamp:4  | Got a decaying rune of Zot
 34191 | Lair:1   | Acquired 829 gold pieces
 34193 | Lair:1   | Acquired the Volume of Creative Attacks
 34203 | Lair:1   | Learned a level 6 spell: Iron Shot
 34343 | Vaults:1 | Entered Level 1 of the Vaults
 35083 | Vaults:1 | Reached XP level 18. HP: 78/104 MP: 32/45
 35103 | Vaults:1 | Reached skill level 5 in Earth Magic
 35416 | Vaults:1 | Reached skill level 13 in Air Magic
 36096 | Vaults:2 | Identified the +5 great sword "Mimaim" {vorpal, MP+9 Str-2
                  | Int+8 Stlth+}
 36320 | Vaults:2 | Found a staircase to the Crypt.
 36320 | Vaults:2 | Found an ancient bone altar of Kikubaaqudgha.
 36321 | Vaults:2 | Found a basalt altar of Yredelemnul.
 37151 | Vaults:2 | Found a runed translucent gate.
 37152 | Vaults:2 | Noticed a tentacled monstrosity
 37153 | Vaults:2 | Found a runed translucent gate.
 37153 | Vaults:2 | Found a runed translucent gate.
 37154 | Vaults:2 | Noticed a tentacled monstrosity
 37154 | Vaults:2 | Noticed a tentacled monstrosity
 38097 | Vaults:3 | Reached skill level 14 in Air Magic
 38142 | Vaults:3 | Reached XP level 19. HP: 65/110 MP: 22/47
 39257 | Vaults:4 | Learned a level 9 spell: Chain Lightning
 39843 | Vaults:4 | Reached skill level 10 in Earth Magic
 40027 | Vaults:4 | Reached skill level 15 in Air Magic
 40106 | Vaults:4 | Found Seaqotah's Weapon Shop.
 41787 | Swamp:2  | Killed ciphuk's ghost
 41850 | Swamp:3  | Killed duchin's ghost
 42152 | Lair:6   | Reached XP level 20. HP: 115/115 MP: 34/50
 42160 | Lair:6   | Killed Nessos
 42271 | Lair:6   | Found a gateway to Hell.
 42557 | Snake:1  | Entered Level 1 of the Snake Pit
 42561 | Snake:1  | Reached skill level 16 in Air Magic
 42858 | Snake:1  | Found a runed translucent door.
 42858 | Snake:1  | Noticed ILmort's ghost (adept HOFi)
 43075 | Snake:1  | Noticed Agnes
 43080 | Snake:1  | Killed Agnes
 43189 | Snake:1  | You fall into a shaft and drop 1 floor!
 43196 | Snake:2  | Found a frozen archway.
 43245 | IceCv    | Entered an ice cave
 43252 | IceCv    | Reached skill level 17 in Air Magic
 43531 | IceCv    | Identified the ring "Teufuh" {Str+3 Int+6}
 44182 | Snake:2  | Noticed Donald
 44185 | Snake:2  | Killed Donald
 44273 | Snake:2  | Found a runed translucent gate.
 44273 | Snake:2  | Found a runed translucent gate.
 44273 | Snake:2  | Found a runed translucent gate.
 44290 | Snake:2  | Noticed Aizul
 44295 | Snake:2  | Killed Aizul
 44444 | Snake:2  | Noticed LucemDeus's ghost (journeyman KoBr)
 44597 | Snake:2  | Found a hide-covered altar of Uskayaw.
 45245 | Snake:3  | Reached skill level 18 in Air Magic
 45408 | Snake:3  | Found an ancient bone altar of Kikubaaqudgha.
 45870 | Snake:3  | Noticed Vashnia
 45960 | Snake:3  | Killed Vashnia
 46427 | Snake:4  | Entered Level 4 of the Snake Pit
 46930 | Snake:4  | Reached skill level 19 in Air Magic
 47472 | Snake:4  | Got a serpentine rune of Zot
 47605 | Snake:2  | Reached XP level 21. HP: 100/120 MP: 51/51
 47610 | Snake:2  | Killed LucemDeus's ghost
 47688 | Snake:1  | Killed ILmort's ghost
 47689 | Snake:1  | Reached skill level 20 in Air Magic
 48090 | Elf:1    | Entered Level 1 of the Elven Halls
 48248 | Elf:1    | Found Muthaum's Assorted Antiques.
 48254 | Elf:1    | Bought a scroll of magic mapping for 119 gold pieces
 48678 | Elf:1    | Found an ancient bone altar of Kikubaaqudgha.
 48696 | Elf:1    | Paralysed by an air elemental for 1 turns
 48882 | Elf:1    | Noticed Azrael
 48888 | Elf:1    | Killed Azrael
 49168 | Elf:2    | Noticed Asterion
 49174 | Elf:2    | Killed Asterion
 49468 | Elf:2    | Reached skill level 21 in Air Magic
 49680 | Elf:2    | Found Getov's Weapon Emporium.
 49944 | Elf:2    | Found a runed translucent gate.
 49945 | Elf:2    | Found a runed translucent gate.
 49945 | Elf:2    | Found a runed translucent gate.
 50667 | Elf:3    | Entered Level 3 of the Elven Halls
 50808 | Elf:3    | Reached skill level 22 in Air Magic
 51621 | Elf:3    | Identified the ring "Qijauni" {MP+9 Stlth+}
 51663 | Elf:3    | Identified the +8 broad axe "Yhoitee" {vorpal, rN++ rCorr
                  | Str-4 Dex+3}
 51663 | Elf:3    | Identified the +1 robe of Huose {rC- rCorr SInv}
 51663 | Elf:3    | Identified the amulet "Geqi" {RegenMP rElec rCorr}
 51667 | Elf:3    | Identified the +10 plate armour of the Distant Future
                  | {*Corrode rF+++ Dex-3 SInv}
 51821 | Elf:3    | Identified the ring "Eweukufa" {rC+ Str+6}
 51966 | Elf:3    | Identified the +6 halberd of Xazag {speed, Drain rC++
                  | Str+7}
 51995 | Elf:3    | Identified the +8 rapier "Zipisme" {vorpal, rF+ Str+10}
 52024 | Elf:3    | Reached skill level 23 in Air Magic
 52185 | Elf:3    | Identified the +3 falchion of Daatoleb {flame, rPois rC-
                  | Int+10}
 52186 | Elf:3    | Identified the +0 ring mail of the Arena {rF+}
 52190 | Elf:3    | Identified the +9 long sword of the Battered Defenders
                  | {spect, rC+}
 52190 | Elf:3    | Identified the ring "Wyotit" {rElec Str+6 Int+3 Stlth+}
 52194 | Elf:3    | Identified the +2 trident of Reinforcement {freeze, *Slow
                  | Str+5 Int+3}
 52214 | Elf:3    | Reached XP level 22. HP: 107/125 MP: 31/52
 52754 | Depths:1 | Entered Level 1 of the Depths
 52804 | Depths:1 | Found a hide-covered altar of Uskayaw.
 54030 | Depths:2 | Noticed Mara
 54035 | Depths:2 | Killed Mara
 54159 | Depths:2 | Reached skill level 24 in Air Magic
 54368 | Depths:2 | Noticed a caustic shrike
 54371 | Depths:2 | Killed a caustic shrike
 54708 | Depths:2 | Found the +2 hat of the Bear Spirit {Spirit, *Rage Will++}
 54723 | Depths:2 | Found a one-way gate leading to the halls of Pandemonium.
 54737 | Depths:2 | Got the Compendium of Hurtful Heat
 55955 | Depths:3 | Found an ornate altar of the Wu Jian Council.
 55969 | Depths:3 | Reached XP level 23. HP: 129/129 MP: 53/53
 56067 | Depths:3 | Found a gateway to a bazaar.
 56074 | Depths:3 | Found a one-way gate to the infinite horrors of the Abyss.
 56102 | Bazaar   | Entered a bazaar
 56102 | Bazaar   | Found Yjiun's Magic Scroll Emporium.
 56102 | Bazaar   | Found Hoto's Armour Shoppe.
 56102 | Bazaar   | Found Ubrat's Antique Weapon Shoppe.
 56102 | Bazaar   | Found Enead's Jewellery Emporium.
 56102 | Bazaar   | Found Izohilafoa's Assorted Antiques.
 56110 | Bazaar   | Bought a scroll of acquirement for 988 gold pieces
 56110 | Bazaar   | Bought a scroll of amnesia for 66 gold pieces
 56114 | Bazaar   | Bought a scroll of amnesia for 80 gold pieces
 56118 | Bazaar   | Bought a scroll of holy word for 142 gold pieces
 56118 | Bazaar   | Bought a scroll of holy word for 142 gold pieces
 56153 | Depths:3 | Noticed Louise
 56155 | Depths:3 | Killed Louise
 56517 | Depths:3 | Found a one-way gateway to a ziggurat.
 57167 | Depths:3 | Found a shadowy altar of Dithmenos.
 57167 | Depths:3 | Found a glowing golden altar of the Shining One.
 57169 | Depths:3 | Found a radiant altar of Vehumet.
 57169 | Depths:3 | Found a shimmering altar of Xom.
 57169 | Depths:3 | Found a shimmering altar of Xom.
 57624 | Depths:4 | Entered Level 4 of the Depths
 57915 | Depths:4 | Got the Almanac of the Gliding Escort
 58504 | Depths:4 | Found a gate to the Realm of Zot.
 58954 | Depths:4 | Found Debelal's Weapon Emporium.
 59013 | Depths:4 | Noticed the Enchantress
 59066 | Depths:4 | Killed the Enchantress
 60192 | Vaults:5 | Entered Level 5 of the Vaults
 60194 | Vaults:5 | Reached skill level 25 in Air Magic
 60198 | Vaults:5 | Reached skill level 15 in Earth Magic
 60504 | Vaults:5 | Reached XP level 24. HP: 97/127 MP: 41/53
 60531 | Vaults:5 | Identified the +5 short sword "Utrarchafo" {spect, Str+4}
 60609 | Vaults:5 | Noticed an ancient lich
 60611 | Vaults:5 | Killed an ancient lich
 61056 | Vaults:5 | Found Viyl's Magic Scroll Shoppe.
 61152 | Vaults:5 | Identified the +4 trident of Delightful Absolution {holy,
                  | rPois rC- Int+9}
 61281 | Vaults:5 | Identified the +1 robe "Bulirphio" {Fly rC+ Regen+}
 61293 | Vaults:5 | Identified the +0 pair of gloves of a Gauntlet {rC++ Will-
                  | Regen+}
 61770 | Vaults:5 | Identified the +1 ring mail "Vem Voschut" {rC+ Str+4}
 61793 | Vaults:5 | Got a silver rune of Zot
 61800 | Vaults:5 | Acquired 762 gold pieces
 61802 | Vaults:5 | Acquired a book of Annihilations
 62454 | Zot:1    | Entered Level 1 of the Realm of Zot
 62455 | Zot:1    | Identified the +0 robe of Hedging {Rampage rPois Int-2
                  | Dex+5}
 63018 | Zot:1    | Acquired Cimmuiho's Disquisition on Attacks
 65036 | Zot:2    | Noticed a Killer Klown
 65052 | Zot:2    | Killed a Killer Klown
 65053 | Zot:2    | Reached XP level 25. HP: 111/134 MP: 30/53
 65546 | Zot:3    | Learned a level 9 spell: Fire Storm
 66134 | Zot:3    | Reached skill level 10 in Fire Magic
 66905 | Zot:3    | Noticed a Killer Klown
 66910 | Zot:3    | Killed a Killer Klown
 67330 | Zot:4    | Noticed an orb of fire
 67331 | Zot:4    | Noticed a Killer Klown
 67364 | Zot:3    | Learned a level 8 spell: Maxwell's Capacitive Coupling
 67486 | Zot:4    | Noticed a Killer Klown
 67487 | Zot:4    | Reached skill level 10 in Fighting
 67507 | Zot:4    | Killed a Killer Klown
 67579 | Zot:4    | Killed an orb of fire
 67718 | Zot:4    | Lost strength.
 67723 | Zot:4    | Killed a Killer Klown
 69262 | Zot:5    | Entered Level 5 of the Realm of Zot
 69521 | Zot:5    | Reached XP level 26. HP: 147/147 MP: 53/53
 70665 | Zot:5    | Reached skill level 15 in Fire Magic
 70794 | Zot:5    | Noticed an orb of fire
 70797 | Zot:5    | Gained mutation: You sometimes lose the ability to read
                  | scrolls when taking damage. [an orb of fire]
 70798 | Zot:5    | Noticed an orb of fire
 70799 | Zot:5    | Noticed an orb of fire
 70799 | Zot:5    | Gained mutation: Armour fits poorly on your strangely
                  | shaped body. [mutagenic glow]
 70808 | Zot:5    | Noticed an orb of fire
 70811 | Zot:4    | Lost mutation: You sometimes lose the ability to read
                  | scrolls when taking damage. [potion of mutation]
 70811 | Zot:4    | Lost mutation: Armour fits poorly on your strangely shaped
                  | body. [potion of mutation]
 70811 | Zot:4    | Gained mutation: You are partially covered in iridescent
                  | scales. (AC +2) [potion of mutation]
 70811 | Zot:4    | Gained mutation: Your spells are a little harder to cast,
                  | but a little more powerful. [potion of mutation]
 70833 | Zot:4    | Gained mutation: You tend to lose your temper in combat.
                  | [mutagenic glow]
 70840 | Zot:5    | Gained mutation: You occasionally shout uncontrollably at
                  | your foes. [mutagenic glow]
 70848 | Zot:5    | Killed an orb of fire
 70850 | Zot:5    | Noticed an orb of fire
 70852 | Zot:5    | Killed an orb of fire
 70853 | Zot:5    | Noticed an orb of fire
 70856 | Zot:5    | Killed an orb of fire
 70859 | Zot:5    | Noticed an ancient lich
 70860 | Zot:5    | Killed an orb of fire
 70868 | Zot:5    | Gained mutation: You frequently scream uncontrollably at
                  | your foes. [an orb of fire]
 70874 | Zot:5    | Killed an orb of fire
 70876 | Zot:5    | Noticed an ancient lich
 70877 | Zot:5    | Killed an ancient lich
 70879 | Zot:5    | Killed an ancient lich
 70915 | Zot:5    | Lost mutation: Your spells are a little harder to cast, but
                  | a little more powerful. [potion of mutation]
 70915 | Zot:5    | Lost mutation: You tend to lose your temper in combat.
                  | [potion of mutation]
 70915 | Zot:5    | Lost mutation: You are partially covered in iridescent
                  | scales. (AC +2) [potion of mutation]
 70915 | Zot:5    | Gained mutation: You are dopey. (Int -2) [potion of
                  | mutation]
 70915 | Zot:5    | Gained mutation: Armour fits poorly on your strangely
                  | shaped body. [potion of mutation]
 70915 | Zot:5    | Lost mutation: You are dopey. (Int -2) [potion of mutation]
 70916 | Zot:5    | Lost mutation: Armour fits poorly on your strangely shaped
                  | body. [potion of mutation]
 70916 | Zot:5    | Lost mutation: You frequently scream uncontrollably at your
                  | foes. [potion of mutation]
 70916 | Zot:5    | Lost mutation: You occasionally shout uncontrollably at
                  | your foes. [potion of mutation]
 70916 | Zot:5    | Gained mutation: Your body sometimes deteriorates upon
                  | taking damage. [potion of mutation]
 70950 | Zot:5    | Noticed an orb of fire
 70952 | Zot:5    | Killed an orb of fire
 70956 | Zot:5    | Killed an orb of fire
 71351 | Zot:5    | Noticed an orb of fire
 71351 | Zot:5    | Gained mutation: You sometimes lose the ability to read
                  | scrolls when taking damage. [an orb of fire]
 71363 | Zot:5    | Killed an orb of fire
 71424 | Zot:5    | Lost mutation: You sometimes lose the ability to read
                  | scrolls when taking damage. [potion of mutation]
 71424 | Zot:5    | Lost mutation: Your body sometimes deteriorates upon taking
                  | damage. [potion of mutation]
 71424 | Zot:5    | Gained mutation: You are strong-willed. (Will+) [potion of
                  | mutation]
 71424 | Zot:5    | Gained mutation: You are somewhat resistant to further
                  | mutation. [potion of mutation]
 72260 | Zot:5    | Got the Orb of Zot
 72476 | Depths:1 | Noticed Emauqunt the pandemonium lord
 72479 | Depths:1 | Killed Emauqunt the pandemonium lord
 72732 | D:$      | Escaped with the Orb!

Illustrated notes

Levels and vault maps discovered:
D:1:      minmay_arrival_diagonal_passages, layout_rooms,
          shapermc_ecumenical_altar_mp_highgroup, hangedman_decor_points,
          chequers_garden, st_stairs_6, hangedman_decor_lopped,
          roderic_filled_cross
D:2:      layout_basic, basic_altar, kennysheep_generic_room_2
D:3:      layout_loops_corners, overflow_temple_1_default, uniq_terence
D:4:      layout_basic, minmay_temple_entry_glass, serial_shops,
          nicolae_take_the_stairs
D:5:      layout_loops_ring, nicolae_overflow_crystal_walls, tso_metal_star,
          small_statue_intersection
D:6:      kennysheep_big_flooded_room, layout_layer_cave, elyvilon_altar_1,
          enter_ossuary_4, st_stairs_1, minivault_27, uniq_sigmund
D:7:      layout_cave_pools, mainiacjoe_overflow_24_doors,
          kennysheep_generic_room_15, uniq_pikel
D:8:      layout_basic, grunt_temple_overflow_diamond, enter_bailey_2
D:9:      layout_basic, kennysheep_little_box, serial_shops,
          kennysheep_mini_moat, unseen_surprise_small
D:10:     layout_irregular_city, erik_lair_dragon, orc_david_3,
          chequers_serial_rivers_micro_e, uniq_erolcha
D:11:     layout_big_octagon, serial_shops, nicolae_shop_overgrown_old_shop,
          amcnicky_mini_pool_small, serial_bayou_ford_a, hangedman_weighted_door
D:12:     layout_rooms
D:13:     layout_stronghold, lightli_vaults_fourway_checkpoint, serial_undead,
          serial_undead_f, serial_undead_e, serial_undead_d, serial_undead_c,
          zin_scriptorium
D:14:     layout_rooms, minmay_misc_feat_alley, grunt_ministairs_6,
          chequers_serial_rivers_small_3
D:15:     grunt_enter_depths_magical_seal, layout_irregular_city,
          chequers_big_river, nicolae_wu_jian_glorious_leap, uniq_rupert
Temple:   cyrus_circular_temple
Lair:1:   layout_loops_ring, uniq_erica
Lair:2:   layout_long_grid, uniq_gastronok
Lair:3:   layout_regular_city, minmay_snake_entry_six_corridors
Lair:4:   layout_cave_pods, skrybe_swamp_entry_bodies, enter_volcano_2,
          grunt_megastairs_4, infiniplex_staircase_pool, lemuel_fruit_tree
Lair:5:   beast_lair_carwin_large_2, layout_regular_city
Lair:6:   evil_forest, layout_cave_shapes, dpeg_slime_entry_enclosed_altar,
          serial_bayou_shore_b, grunt_megastairs_2, uniq_kirke, uniq_nessos
Swamp:1:  nicolae_swamp_standing_stones, layout_falls_marsh,
          evilmike_swamp_ruin_rubble_1, infiniplex_staircase_pool_2,
          uniq_roxanne
Swamp:2:  layout_falls_marsh, ebering_ghost_rock_garden,
          evilmike_swamp_ruin_house_5, swamp_pool1
Swamp:3:  layout_basic_swamp, gammafunk_ghost_mausoleum,
          evilmike_swamp_ruin_house_2
Swamp:4:  nzn_swamp_witches_coven, layout_basic_swamp
Snake:1:  layout_gridlike, hellmonk_ghost_happy_afterlife, grunt_ministairs_7,
          evilmike_ambush [evilmike_ambush_outer_corners,
          evilmike_ambush_inner_basic], grunt_megastairs_1, uniq_agnes
Snake:2:  layout_chambers, portal_ice_cave_entry_ice_simulacra,
          gammafunk_ghost_necromancy, basic_altar, uniq_aizul, uniq_donald
Snake:3:  layout_grid_maze, basic_altar, grunt_megastairs_5, uniq_vashnia
Snake:4:  minmay_snake_end_coiled, layout_onion_interference, drop_trap
Orc:1:    layout_caves, basic_altar
Orc:2:    st_orc_town, layout_diamond_mine, serial_shops,
          nicolae_shop_bloodbath_and_beyond
Elf:1:    layout_geoelf_grid, serial_shops, nicolae_shop_crystal, basic_altar,
          evilmike_minifort, minmay_misc_feat_cross, uniq_azrael
Elf:2:    nicolae_elf_blades_crystal_corner, layout_loops_ring, serial_shops,
          shop, drop_trap, uniq_asterion
Elf:3:    grunt_elf_hall_diamonds, layout_geoelf_castle, st_stairs_4
Vaults:1: nicolae_vaults_back_hallway, vaults_dpeg_ring,
          vaults_mumra_chevron_long, nicolae_vaults_disjoint_gnomons,
          ontoclasm_vaults_ring_square, vaults_room_door_ring,
          ontoclasm_vaults_ligature, v_misc_30, v_misc_1,
          nicolae_vaults_alarming, nicolae_vaults_twisting_passages,
          nicolae_vaults_windows_and_doors_thing, vaults_room_pool,
          nicolae_vaults_asterisk, ontoclasm_vaults_shuriken, v_misc_13,
          layout_vaults_maze
Vaults:2: ploomutoo_gammafunk_ghost_potion_laboratory,
          minmay_crypt_entry_necro_gods, st_cells, grunt_vaults_twisty,
          ontoclasm_vaults_bender, ontoclasm_vaults_chip, v_misc_18,
          nicolae_vaults_bisected_slash, layout_vaults_quadrants
Vaults:3: hangedman_vaults_unwind, vaults_dpeg_hooks, v_alt_pattern_3, v_misc_3,
          v_misc_4, hangedman_vaults_nodes, hangedman_vaults_river_flow,
          nicolae_vaults_border_crossing, nicolae_vaults_diagonal_hallway_7,
          v_alt_pattern_1, v_alt_pattern_1, layout_vaults_big_cross
Vaults:4: v_rooms_4, st_smaller_cells, ontoclasm_vaults_claustrophobia,
          nicolae_vaults_puzzle_piece, vaults_room_pool,
          nicolae_vaults_sealed_display, grunt_vaults_diagonal,
          vaults_mumra_hexcomb, nicolae_vaults_three_branches,
          hangedman_vaults_restitches, nicolae_vaults_little_squares_6,
          v_alt_pattern_4, grunt_vaults_bifocal, nicolae_vaults_little_ls,
          nicolae_vaults_little_squares_3, hangedman_vaults_impose,
          vaults_room_pools, layout_vaults_omnibox, serial_shops, shop
Vaults:5
Depths:1: layout_gridville, serial_sigils_hangedman_carve, hell_entry,
          minmay_misc_feat_hallway, kennysheep_crisscross, nicolae_danse_macabre
Depths:2: minmay_heptahexagon, layout_gridlike, pan_entry, minmay_holes,
          hell_entry, corexii_hall_statues_t, st_stairs_6,
          minmay_curled_crystal, uniq_mara
Depths:3: minmay_ornate_pinched, layout_cave_shapes, enter_ziggurat_b,
          pf_vacation_house_of_asmodeus, doesnt_xom_only_xom,
          nicolae_abyss_entry_one_way_or_another, serial_shops, statue_bzr,
          grunt_pan_entry_spiral
Depths:4: grunt_x_marks_the_spot, layout_small_grid, grunt_hell_entry_dis_old,
          nicolae_inconvenience_store, serial_bayou_shore_b, uniq_enchantress
Zot:1:    minmay_elemental_castle, layout_basic
Zot:2:    layout_gridlike, st_stairs_9, grunt_ministairs_4, lemuel_elevator
Zot:3:    cheibrodos_zot_enchanting_chambers, layout_twisted_circle
Zot:4:    grunt_zot_stairs_faceoff, layout_gridville, st_stairs_11
Zot:5:    layout_cathedral_of_symmetry

Skill      XL: |  1  2  3  4  5  6  7  8  9 10 11 12 13 14 15 16 17 18 19 20 21 22 23 24 25 26 |
---------------+-------------------------------------------------------------------------------+-----
Hexes          | 1 2 3 4 5 7 9 10 | 10.0
Conjurations   | 5 6 8 9 10 12 13 14 15 16 17 18 19 21 | 21.0
Stealth        | 3 5 7 9 |  9.0
Dodging        | 3 5 7 8 9 |  9.0
Spellcasting   | 4 5 6 8 9 11 14 15 17 18 20 21 22 24 | 24.0
Translocations | 1 2 3 4 5 7 9 10 | 10.0
Air Magic      | 2 8 9 10 11 12 14 15 19 23 24 25 | 25.0
Shields        | 6 7 |  7.0
Fighting       | 2 4 5 7 8 9 10 | 10.0
Fire Magic     | 3 6 7 9 14 20 | 20.1
Earth Magic    | 4 8 11 12 16 22 23 24 | 24.0

Action                   |  1- 3 |  4- 6 |  7- 9 | 10-12 | 13-15 | 16-18 | 19-21 | 22-24 | 25-27 || total
-------------------------+-------+-------+-------+-------+-------+-------+-------+-------+-------++-------
Melee: Staff             |       |       |    11 |       |       |       |       |       |       ||    11
       Short sword       |       |       |    11 |       |       |       |       |       |       ||    11
       Rapier            |       |       |       |       |     2 |       |       |       |       ||     2
       War axe           |       |       |       |       |       |       |     3 |       |       ||     3
 Cast: Magic Dart        |    98 |    48 |   138 |    26 |    29 |       |       |     1 |       ||   340
       Searing Ray       |     1 |    16 |    18 |     9 |       |       |       |       |       ||    44
       Fulminant Prism   |       |     3 |    49 |   128 |   175 |    14 |     1 |     2 |     1 ||   373
       Iskenderun's Myst |       |     1 |    22 |    20 |    94 |    63 |    73 |    34 |    16 ||   323
       Iskenderun's Batt |       |       |       |     4 |     5 |       |       |       |       ||     9
       Airstrike         |       |       |       |    32 |   166 |    38 |    25 |     4 |     1 ||   266
       Orb of Destructio |       |       |       |       |    97 |    64 |    87 |   141 |    53 ||   442
       Freezing Cloud    |       |       |       |       |     6 |     6 |    23 |    12 |       ||    47
       Conjure Ball Ligh |       |       |       |       |    36 |   216 |   264 |   128 |    37 ||   681
       Starburst         |       |       |       |       |     5 |     4 |     9 |     4 |       ||    22
       Iron Shot         |       |       |       |       |       |    37 |   128 |   210 |   131 ||   506
       Chain Lightning   |       |       |       |       |       |       |     1 |    63 |    66 ||   130
       Shatter           |       |       |       |       |       |       |       |     4 |    29 ||    33
       Maxwell's Capacit |       |       |       |       |       |       |       |       |    51 ||    51
Evoke: Wand              |       |       |       |       |       |     2 |       |       |     1 ||     3
  Use: Scroll            |       |       |    17 |     7 |     6 |     4 |     4 |     7 |     9 ||    54
       Potion            |       |       |       |       |     5 |       |     1 |     3 |    12 ||    21
Armor: Robe              |     1 |       |    16 |     2 |    16 |       |       |       |       ||    35
       Troll leather arm |       |       |       |       |       |    12 |    38 |    22 |    31 ||   103
Dodge: Dodged            |     4 |     6 |    14 |    13 |    44 |    33 |    74 |    74 |    61 ||   323
Block: Buckler           |       |       |       |     1 |    18 |    10 |    48 |    40 |    14 ||   131
